 Dungeon Crawl Stone Soup version 0.29.0-4-gdea44cf6ec (webtiles) character file.

Game seed: 11179691668586672015

58 qw the Chopper (level 4, -1/26 HPs)
             Began as a Tengu Warper on Aug 28, 2022.
             Slain by a shadow imp (3 damage)
             ... summoned by Natasha
             ... on level 2 of the Dungeon.
             The game lasted 00:00:06 (1518 turns).

qw the Chopper (Tengu Warper)                       Turns: 1518, Time: 00:00:07

Health: -1/26      AC:  7    Str: 14    XL:     4   Next: 1%
Magic:  8/8        EV: 11    Int: 13    God:
Gold:   86         SH:  0    Dex: 13    Spells: 7/7 levels left

rFire   . . .      SeeInvis .   Y - +0 hand axe
rCold   . . .      Faith    .   (no shield)
rNeg    . . .      Spirit   .   j - +0 ring mail
rPois   .          Reflect  .   (helmet restricted)
rElec   .          Harm     .   m - +0 cloak
rCorr   .          Rampage  .   e - +0 pair of gloves
Will    .....                   (boots unavailable)
Stlth   +.........              (no amulet)
HPRegen 0.08/turn               (no ring)
MPRegen 0.11/turn               (no ring)

@: slowed, very slow
A: beak, talons 3
a: no special abilities


You were on level 2 of the Dungeon.
You visited 1 branch of the dungeon, and saw 2 of its levels.

You collected 86 gold pieces.


Innate Abilities, Weirdness & Mutations

You have a beak for a mouth.
You have claws for feet.


   Skills:
 - Level 2.0 Fighting
 + Level 4.6 Axes
 - Level 1.0 Throwing
 - Level 1.1 Armour
 - Level 2.1 Dodging
 - Level 2.0 Spellcasting
 - Level 2.4 Translocations


You had 7 spell levels left.
You didn't know any spells.
Your spell library contained the following spells:

 Spells                   Type           Power      Damage    Failure   Level
 Blink                    Tloc           14%        N/A       30%         2
 Gell's Gravitas          Tloc           7%         N/A       52%         3
 Lesser Beckoning         Tloc           7%         N/A       52%         3
 Teleport Other           Tloc           7%         N/A       52%         3
 Manifold Assault         Tloc           7%         N/A       99%         5

Inventory:

Hand Weapons
 q - a +0 club
 Y - a +0 hand axe (weapon)
Armour
 e - a +0 pair of gloves (worn)
 j - a +0 ring mail (worn)
 m - a +0 cloak (worn)
Scrolls
 o - a scroll of identify
Potions
 d - a potion of flight {unknown}
 f - a potion of degeneration {unknown}
 k - a potion of curing
 n - a potion of haste {unknown}
 p - a potion of brilliance {unknown}

Dungeon Overview and Level Annotations

Branches:
Dungeon (2/15)

Altars:

Annotations:
D:2 Natasha


Message History

Natasha casts a spell at you. The magic dart hits you.
The adder barely misses you.
You barely miss Natasha. You hit the adder but do no damage.
The adder bites you.
You are poisoned.
The adder poisons you!
Natasha casts a spell.
The adder barely misses you.
Natasha stares at you and mumbles some strange words.
The magic dart hits you.
You hit Natasha but do no damage. Your kick misses Natasha.
Your peck misses Natasha. You hit the adder.
You feel sick. The adder bites you but does no damage.
Natasha barely misses you. The adder bites you but does no damage.
You barely miss the adder. Your kick misses the adder.
Your peck misses the adder.
The adder is moderately wounded.
You hit the shadow imp but do no damage.
You closely miss Natasha.
You feel sick. The adder misses you. Natasha casts a spell at you.
You feel as though you will be slow longer.
The shadow imp hits you. The adder bites you.
Natasha claws you but does no damage. The shadow imp hits you.
The adder barely misses you.
You barely miss the adder. You claw the adder.
The adder is heavily wounded.
You hit the shadow imp but do no damage.
You hit Natasha but do no damage.
You feel sick.
You are no longer poisoned.
Natasha closely misses you. The adder bites you but does no damage.
The shadow imp closely misses you. Natasha claws you.
The adder barely misses you.
You completely miss the adder. Your peck misses the adder.
The adder is heavily wounded.
You hit the shadow imp but do no damage.
You hit Natasha. The shadow imp hits you.
You die...

##################
.................####
####.....##$...5....# .#
#.....##...@S....# .#
#.....##....h....#
.#####.....##.........#
........>..##.........#
.#.###.###########.#....
.#.# #)..# .##.## .#.#
#.#......( .. ...
...###.#....... ... .#
###....#.......


You could see Natasha, an adder and a shadow imp (summoned).

Vanquished Creatures
  Natasha (D:2)
  An adder (D:2)
  2 dart slugs
  3 ball pythons
  3 endoplasms
  A goblin (D:1)
  2 quokkas (D:1)
  3 bats
  A frilled lizard (D:1)
  A kobold (D:2)
  2 rats
20 creatures vanquished.

Notes
Turn   | Place    | Note
-------+----------+-------------------------------------------
     0 | D:1      | qw the Tengu Warper began the quest for the Orb.
     0 | D:1      | Reached XP level 1. HP: 12/12 MP: 4/4
     0 | D:1      | 0 ||| qw: Version: 0.1-a-89-g26bdef1
     0 | D:1      | 0 ||| qw: Game counter: 2722
     0 | D:1      | 0 ||| qw: Always use a shield: true
     0 | D:1      | 0 ||| qw: God list: Okawaru
     0 | D:1      | 0 ||| qw: Allow faded altars: false
     0 | D:1      | 0 ||| qw: Do Orc after D:15 true
     0 | D:1      | 0 ||| qw: Do second Lair branch before Depths: true
     0 | D:1      | 0 ||| qw: Lair rune preference: random
     0 | D:1      | 0 ||| qw: Plans: Normal
     0 | D:1      | 0 ||| PLANNING D:1-11
   201 | D:1      | 201 ||| Stepping ~*~*~tactically~*~*~ (hiding).
   305 | D:1      | HP: 2/12 [dart slug/slug dart (2)]
   587 | D:1      | Reached XP level 2. HP: 17/17 MP: 6/6
   602 | D:1      | Reached skill level 3 in Axes
   696 | D:1      | 696 ||| Stepping ~*~*~tactically~*~*~ (stealth).
   707 | D:1      | 707 ||| Stepping ~*~*~tactically~*~*~ (stealth).
   908 | D:1      | 908 ||| UPGRADING to +0 pair of gloves.
   913 | D:1      | 913 ||| UPGRADING to +0 ring mail.
   923 | D:1      | 923 ||| DROPPING +0 leather armour.
   924 | D:1      | 924 ||| UPGRADING to +0 cloak.
   929 | D:1      | 929 ||| READING scroll labelled TAALYH NOAM.
   933 | D:1      | 933 ||| READING scroll labelled GIWYRH TASHOSM.
   934 | D:1      | 934 ||| READING scroll labelled AHIRUF ARUYTYI.
   935 | D:1      | 935 ||| READING scroll labelled HOAKIK SEA.
  1060 | D:1      | 1060 ||| READING 2 scrolls labelled JOIMEUDWAF.
  1061 | D:1      | 1061 ||| READING scroll labelled IJANUN SASA.
  1162 | D:1      | 1162 ||| DRINKING 2 viscous coppery potions.
  1163 | D:1      | 1163 ||| DROPPING scroll of blinking.
  1184 | D:2      | Noticed Natasha
  1185 | D:2      | 1185 ||| Stepping ~*~*~tactically~*~*~ (hiding).
  1192 | D:2      | Killed Natasha
  1193 | D:2      | Reached skill level 4 in Axes
  1193 | D:2      | Reached XP level 3. HP: 13/21 MP: 7/7
  1194 | D:2      | 1194 ||| FLEEEEING.
  1197 | D:2      | 1197 ||| STAIRDANCE
  1311 | D:2      | 1311 ||| Stepping ~*~*~tactically~*~*~ (hiding).
  1509 | D:2      | Reached XP level 4. HP: 26/26 MP: 8/8
  1510 | D:2      | Noticed Natasha
  1517 | D:2      | HP: 6/26 [poisoned by an adder]
  1517 | D:2      | HP: 1/26 [Natasha (5)]
  1518 | D:2      | Slain by a shadow imp

Levels and vault maps discovered:
D:1:      lightli_arrival_isolated_outpost, layout_rooms, minmay_misc_feat_rows,
          minmay_domino_2
D:2:      layout_basic, chequers_ecumenical_altar_island, basic_altar,
          uniq_natasha, uniq_robin

Skill      XL: |  1  2 |
---------------+-------+-----
Axes           | 4 |  4.6
Fighting       | |  2.0
Throwing       | |  1.0
Armour         | |  1.1
Dodging        | |  2.1
Spellcasting   | |  2.0
Translocations | |  2.4

Action                   |  1- 3 |  4- 6 || total
-------------------------+-------+-------++-------
Melee: Hand axe          |    38 |     5 ||    43
       Peck              |     7 |       ||     7
       Kick              |     5 |     1 ||     6
Throw: Boomerang         |     7 |       ||     7
  Use: Scroll            |     6 |       ||     6
       Potion            |     1 |       ||     1
Armor: Leather armour    |     4 |       ||     4
       Ring mail         |     6 |     4 ||    10
Dodge: Dodged            |    29 |     9 ||    38

Table legend:
 A = Non-vault XP
 B = Vault XP
 C = Vault XP percentage of total XP
 D = Non-vault monster count
 E = Vault monster count
 F = Vault count percentage of total count
                 A         B        C        D         E       F
            +---------+---------+-------+---------+---------+-------
      Total |      45 |      38 |  45.8 |      17 |       3 |  15.0
            +---------+---------+-------+---------+---------+-------
        D:1 |      19 |       2 |   9.5 |       9 |       2 |  18.2
        D:2 |      26 |      36 |  58.1 |       8 |       1 |  11.1
            +---------+---------+-------+---------+---------+-------
